Map: Abyssal Reef LE

Players

Yata - Winner!

  • Race: Zerg Zerg
  • League: Platinum
  • Spawn Location: 11:00

Machete

  • Race: Protoss Protoss
  • League: Platinum
  • Spawn Location: 5:00

VOD

Have the link to the VOD?

Description

Time

  • Played on: Nov. 8, 2017, 3:30 p.m.
  • Length: 13:19
Show
View Real Time Build Order
Export as new Build Order

Yata Zerg - Winner!

Build Orders: Hatch First 

Get SALT Encoding   

  12  0:01  Drone  
  13  0:12  Overlord  
  13  0:20  Drone  
  14  0:31  Drone x2  
  14  0:34  Drone  
  17  1:01  Drone x2  
  17  1:04  Hatchery  
  18  1:16  Extractor  
  17  1:20  Spawning Pool  
  17  1:24  Drone x2  
  18  1:28  Drone  
  19  1:54  Overlord  
  19  1:58  Drone  
  20  2:06  Queen  
  22  2:13  Zergling x4  
  24  2:18  Queen  
  24  2:19  Metabolic Boost  
  24  2:20  Drone  
  27  2:28  Drone x2  
  29  2:30  Evolution Chamber  
  28  2:40  Drone x2  
  30  2:54  Drone  
  30  2:55  Baneling Nest  
  30  2:56  Drone x2  
  30  2:58  Queen  
  32  3:02  Overlord  
  34  3:11  Drone x2  
  36  3:13  Extractor  
  36  3:15  Drone  
  36  3:19  Overlord  
  36  3:23  Drone x2  
  36  3:24  Drone  
  39  3:27  Drone  
  39  3:31  Drone  
  41  3:52  Drone x2  
  41  3:53  Hatchery, Drone  
  43  3:55  Zergling x2  
  43  3:56  Zergling x2  
  44  4:09  Zergling x4  
  50  4:10  Zergling x8  
  49  4:24  Drone x3  
  52  4:31  Zerg Melee Weapons Level 1  
  52  4:40  Lair  
  52  4:41  Overlord  
  52  4:47  Baneling  
  52  4:48  Baneling x3  
  52  4:52  Overlord x2  
  52  4:53  Overlord  
  52  4:58  Queen  
  51  5:03  Zergling x6  
  51  5:04  Zergling x8  
  56  5:09  Drone x3  
  59  5:22  Drone  
  59  5:23  Drone x4  
  64  5:30  Overlord x2  
  64  5:34  Queen  
  66  5:38  Zergling x8  
  66  5:39  Zergling x2  
  66  5:42  Queen  
  73  5:43  Queen  
  73  5:48  Hydralisk Den  
  74  5:54  Drone x6  
  81  5:57  Zergling x4  
  82  6:09  Zergling x18  
  82  6:10  Zergling x2  
  91  6:19  Centrifical Hooks, Muscular Augments  
  91  6:39  Zergling x10, Hydralisk  
  92  6:40  Hydralisk x4  
  102  6:54  Baneling x2  
  102  7:01  Extractor, Drone  
  102  7:02  Drone x2  
  102  7:03  Extractor, Drone  
  102  7:06  Overlord x6  
  104  7:20  Baneling x2  
  104  7:21  Baneling x3  
  104  7:49  Zergling x24  
  104  7:50  Zergling x10  
  115  7:56  Hydralisk x3  
  111  8:02  Zergling x12  
  104  8:18  Zergling x4  
  104  8:19  Zergling x8  
  93  8:38  Hydralisk x7  
  93  8:39  Hydralisk  
  102  8:51  Zergling x10  
  100  9:03  Zergling x2  
  100  9:04  Zergling x6  
  102  9:12  Queen  
  98  9:25  Infestation Pit  
  98  9:27  Zergling x2  
  98  9:28  Zergling x22  
  109  9:41  Hatchery, Queen  
  112  9:45  Baneling  
  112  9:46  Baneling x16  
  112  9:48  Queen  
  112  9:49  Zergling x2  
  112  9:50  Zergling x10  
  120  9:57  Hatchery  
  119  10:04  Hive  
  117  10:12  Zergling x2  
  117  10:13  Zergling x22  
  129  10:17  Queen  
  129  10:19  Overlord  
  131  10:24  Queen  
  100  10:52  Queen  
  100  10:54  Zergling x4, Hydralisk x6  
  116  10:59  Queen  
  118  11:07  Zergling x2  
  118  11:08  Zergling x22  
  130  11:13  Drone x2  
  132  11:23  Queen  
  134  11:28  Zergling x2, Queen  
  134  11:29  Zergling x4  
  134  11:32  Drone x8  
  147  11:35  Queen  
  134  11:50  Zergling x24  
  134  11:51  Zergling x2  
  136  12:00  Zergling x2  
  136  12:01  Zergling x12  
  121  12:16  Zergling x16  
  121  12:17  Zergling x2  
  125  12:26  Zergling x14  
  125  12:27  Zergling x10  
  134  12:42  Drone x7  
  141  12:49  Zergling x2  
  141  12:50  Zergling x14  
  149  12:56  Baneling  
  149  12:57  Baneling x19  
  137  13:16  Ultralisk Cavern  
Show
View Real Time Build Order
Export as new Build Order

Machete Protoss 

Build Orders: Zealot Archon 

Get SALT Encoding   

  12  0:02  Probe (Chrono Boost)  
  13  0:12  Probe (Chrono Boost)  
  14  0:19  Pylon  
  14  0:24  Probe (Chrono Boost)  
  15  0:37  Probe (Chrono Boost)  
  16  0:48  Probe (Chrono Boost)  
  17  0:59  Probe (Chrono Boost)  
  18  1:06  Nexus  
  18  1:20  Forge  
  18  1:33  Gateway  
  18  1:39  Probe (Chrono Boost)  
  19  1:43  Assimilator  
  19  1:48  Assimilator  
  19  1:52  Pylon  
  19  1:53  Probe (Chrono Boost)  
  20  2:07  Photon Cannon  
  20  2:11  Probe (Chrono Boost)  
  21  2:23  Cybernetics Core  
  21  2:24  Zealot (Chrono Boost)  
  21  2:29  Probe  
  24  2:32  Probe  
  25  2:37  Protoss Ground Weapons Level 1  
  25  2:42  Probe  
  26  2:48  Probe  
  27  3:00  Stalker (Chrono Boost)  
  27  3:01  Warp Gate  
  29  3:14  Robotics Facility  
  29  3:16  Probe  
  29  3:18  Probe  
  31  3:25  Assimilator  
  31  3:41  Assimilator  
  31  3:45  Twilight Council, Probe  
  31  3:46  Probe  
  33  3:53  Sentry (Chrono Boost)  
  35  3:56  Probe  
  35  3:59  Probe  
  37  4:21  Sentry (Chrono Boost)  
  39  4:25  Probe  
  39  4:27  Immortal  
  39  4:28  Probe  
  45  4:37  Probe  
  45  4:38  Pylon  
  46  4:43  Gateway x2  
  46  4:47  Gateway  
  46  4:50  Gateway  
  46  4:51  Gateway  
  46  4:53  Protoss Ground Weapons Level 2  
  46  4:56  Gateway  
  44  5:11  Sentry (Chrono Boost)  
  46  5:19  Probe  
  46  5:20  Probe  
  48  5:26  Pylon  
  52  5:28  Immortal  
  52  5:37  Charge (Chrono Boost)  
  52  5:53  Pylon  
  52  6:00  Templar Archives  
  52  6:10  Probe  
  53  6:11  Probe  
  54  6:26  Probe  
  54  6:28  Sentry x2  
  54  6:30  Probe  
  60  6:38  Probe  
  61  6:42  Probe  
  61  6:44  Gateway  
  61  6:47  High Templar x2  
  64  6:49  Zealot x2  
  70  6:56  Pylon  
  70  6:57  Pylon, Archon  
  70  7:03  Pylon  
  70  7:14  Probe x2  
  72  7:19  Pylon  
  72  7:23  Pylon  
  72  7:25  Pylon  
  72  7:26  Zealot x4  
  72  7:28  High Templar x2  
  84  7:34  Archon  
  84  7:37  Probe  
  83  7:57  Sentry x2  
  83  7:58  Sentry x2  
  77  7:59  Zealot  
  73  8:06  Zealot  
  73  8:07  Zealot  
  77  8:13  Cybernetics Core  
  69  8:26  High Templar x3  
  66  8:30  Zealot  
  66  8:31  Zealot x3  
  66  8:33  Archon  
  74  8:37  Immortal  
  74  8:47  Probe  
  75  8:55  Zealot x4  
  69  9:02  Zealot x3  
  74  9:24  Nexus  
  74  9:25  High Templar x2  
  74  9:26  Pylon  
  74  9:27  High Templar  
  74  9:28  Pylon  
  74  9:29  Zealot x3  
  86  9:31  High Templar  
  86  9:32  Archon  
  86  9:35  Archon  
  86  9:36  Probe  
  89  9:40  Probe  
  89  9:45  Photon Cannon x2  
  90  9:48  Probe  
  91  9:55  Immortal  
  95  10:03  Assimilator, Robotics Bay  
  95  10:05  Assimilator  
  95  10:07  Zealot  
  97  10:11  Zealot  
  97  10:12  Pylon  
  93  10:43  Probe x2  
  93  10:46  Probe  
  84  10:50  High Templar  
  84  10:51  High Templar  
  84  10:53  High Templar x2  
  84  10:55  Psionic Storm, Archon, Probe  
  93  10:57  Archon, Probe  
  93  10:58  Probe  
  95  11:08  Probe x2  
  95  11:09  Zealot x2  
  101  11:20  Extended Thermal Lance  
  101  11:27  Probe x2  
  101  11:28  Probe  
  104  11:38  Photon Cannon  
  104  11:40  Photon Cannon  
  104  11:43  Gateway x2  
  104  11:45  Gateway  
  100  11:51  Zealot x4  
  100  11:52  Zealot x2  
  67  12:03  Probe  
  59  12:12  Zealot x2  
  59  12:13  Zealot x3  
  55  12:33  Zealot x5  
  55  12:43  Zealot  
  54  12:54  High Templar x4  
  54  12:55  High Templar  
  64  12:58  Archon x2  
  58  13:07  Zealot  
Tags
 
Composition
Zealot Archon
Matchup
PvZ
Replay Pack
Pack 1
Spawn Locations
Cross Positions
Add a new tag
Caveats
  • Supply blocks, unpowered buildings, or Contaminate may cause inaccurate times.
  • Supply counts are checked every 10 seconds.